MLB
NEW YORK YANKEES @ TAMPA BAY RAYS
07/17/2098
 
TOP OF THE 1ST
New York Yankees batting - Pitching for Tampa Bay Rays : RHP Vinny Gutierrez
Pitching: RHP Vinny Gutierrez
Batting: LHB John Blair 0-0: Called Strike
0-1: Ball
1-1: Ground out 4-3 (Groundball, 4M, EV 105.6 MPH)
Batting: SHB Seth Hardenbrook 0-0: Called Strike
0-1: Ball
1-1: Fly out, F9 (Flyball, 9LM, EV 93.8 MPH)
Batting: RHB Brandon Thomas 0-0: Fly out, F9 (Flyball, 89D, EV 88.8 MPH)
Top of the 1st over - 0 runs, 0 hits, 0 errors, 0 left on base; New York 0 - Tampa Bay 0
BOTTOM OF THE 1ST
Tampa Bay Rays batting - Pitching for New York Yankees : RHP Josh Morgan
Pitching: RHP Josh Morgan
Batting: SHB Jorge Ramos 0-0: Called Strike
0-1: Called Strike
0-2: Ball
1-2: Foul Ball, location: 2F
1-2: Ball
2-2: Ball
3-2: Foul Ball, location: 2F
3-2: DOUBLE (Line Drive, 9LM, EV 88.1 MPH)
Batting: RHB Jamie Huggins 0-0: Ball
1-0: SINGLE (Line Drive, 4MD, EV 100.0 MPH)
Jorge Ramos to third
Runner from 3rd tries for Home, SAFE, throw by CF to home
Batting: RHB Dave Taylor 0-0: Called Strike
0-1: Ball
1-1: Fly out, F8 (Flyball, 89M, EV 94.4 MPH)
Batting: RHB Kevin Schulz 0-0: Called Strike
0-1: Swinging Strike
0-2: Ball
1-2: Foul Ball, location: 2F
1-2: Foul Ball, location: 2F
1-2: Strikes out swinging
Batting: RHB Cesar Escamilla 0-0: Ball
1-0: Called Strike
1-1: Called Strike
1-2: Foul Ball, location: 2F
1-2: Ball
2-2: Strikes out looking
Bottom of the 1st over - 1 run, 2 hits, 0 errors, 1 left on base; New York 0 - Tampa Bay 1
TOP OF THE 2ND
New York Yankees batting - Pitching for Tampa Bay Rays : RHP Vinny Gutierrez
Batting: LHB Bill Hayden 0-0: Called Strike
0-1: DOUBLE (Line Drive, 3D, EV 98.1 MPH)
Batting: RHB Zach Sterling 0-0: DOUBLE (Flyball, 89D, EV 103.8 MPH)
Bill Hayden scores
Batting: LHB Ryan McCullough 0-0: Called Strike
0-1: Foul Ball, location: 9LSF
0-2: Strikes out swinging
Batting: RHB Aaron Comeaux 0-0: Called Strike
0-1: Ball
1-1: Called Strike
1-2: Ball
2-2: Foul Ball, location: 25FF
2-2: Strikes out swinging
Batting: SHB Chris Clark 0-0: Foul Ball, location: 2F
0-1: Foul Ball, location: 2F
0-2: Ball
1-2: Strikes out swinging
Top of the 2nd over - 1 run, 2 hits, 0 errors, 1 left on base; New York 1 - Tampa Bay 1
BOTTOM OF THE 2ND
Tampa Bay Rays batting - Pitching for New York Yankees : RHP Josh Morgan
Batting: RHB Steve Auclair 0-0: Ball
1-0: SINGLE (Groundball, 34D, EV 105.6 MPH)
Batting: LHB Ray Behm 0-0: Ball
1-0: Sac Bunt to 13 - play at first, batter OUT! 1-3
Steve Auclair to second
Batting: RHB Allen Castellanos 0-0: Ball
1-0: Ball
2-0: Called Strike
2-1: Foul Ball, location: 7LMF
2-2: Foul Ball, location: 2F
2-2: Foul Ball, location: 25FF
2-2: Ball
3-2: Foul Ball, location: 23FF
3-2: Ground out 6-3 (Groundball, 56, EV 80.6 MPH)
Batting: SHB Ryan Takach 0-0: Fly out, F5 (Popup, 5SF, EV 73.8 MPH)
Bottom of the 2nd over - 0 runs, 1 hit, 0 errors, 1 left on base; New York 1 - Tampa Bay 1
TOP OF THE 3RD
New York Yankees batting - Pitching for Tampa Bay Rays : RHP Vinny Gutierrez
Batting: RHB Robby Junker 0-0: Called Strike
0-1: Foul Ball, location: 9LDF
0-2: Ball
1-2: Fly out, F9 (Line Drive, 9S, EV 90.0 MPH)
Batting: LHB John Blair 0-0: Called Strike
0-1: Ball
1-1: Ground out 4-3 (Groundball, 4, EV 85.0 MPH)
Batting: SHB Seth Hardenbrook 0-0: Called Strike
0-1: Ground out 4-3 (Groundball, 34, EV 80.6 MPH)
Top of the 3rd over - 0 runs, 0 hits, 0 errors, 0 left on base; New York 1 - Tampa Bay 1
BOTTOM OF THE 3RD
Tampa Bay Rays batting - Pitching for New York Yankees : RHP Josh Morgan
Batting: SHB Jorge Ramos 0-0: Called Strike
0-1: Ball
1-1: Foul Ball, location: 5F
1-2: Foul Ball, location: 3FF
1-2: Ball
2-2: Fly out, F9 (Flyball, 9LM, EV 91.9 MPH)
Batting: RHB Jamie Huggins 0-0: Called Strike
0-1: Ball
1-1: Foul Ball, location: 2F
1-2: Ball
2-2: Ground out 4-3 (Groundball, 34, EV 90.0 MPH)
Batting: RHB Dave Taylor 0-0: Ball
1-0: Ball
2-0: SINGLE (Line Drive, 8LS, EV 109.4 MPH)
Batting: RHB Kevin Schulz 0-0: Called Strike
0-1: Ball
1-1: Ball
2-1: Swinging Strike
2-2: Ball
3-2: Foul Ball, location: 7LDF
3-2: Foul Ball, location: 9LSF
3-2: SINGLE (Flyball, 4D, EV 94.4 MPH)
Dave Taylor to second
Dave Taylor to third
Batting: RHB Cesar Escamilla 0-0: Fly out, F7 (Flyball, 7LMF, EV 91.3 MPH)
Bottom of the 3rd over - 0 runs, 2 hits, 0 errors, 2 left on base; New York 1 - Tampa Bay 1
TOP OF THE 4TH
New York Yankees batting - Pitching for Tampa Bay Rays : RHP Vinny Gutierrez
Batting: RHB Brandon Thomas 0-0: Called Strike
0-1: Fly out, F7 (Flyball, 7S, EV 92.5 MPH)
Batting: LHB Bill Hayden 0-0: Foul Ball, location: 2F
0-1: Ball
1-1: Ball
2-1: Swinging Strike
2-2: Ball
3-2: Strikes out swinging
Batting: RHB Zach Sterling 0-0: SINGLE (Line Drive, 7S, EV 106.3 MPH)
Batting: LHB Ryan McCullough 0-0: Ball
1-0: Called Strike
1-1: Called Strike
1-2: Ball
2-2: Ball
3-2: SINGLE (Line Drive, 56D, EV 98.8 MPH)
Zach Sterling to second
Zach Sterling to third
Batting: RHB Aaron Comeaux 0-0: Foul Ball, location: 2F
0-1: Called Strike
0-2: Fly out, F4 (Popup, 4D, EV 60.0 MPH)
Top of the 4th over - 0 runs, 2 hits, 0 errors, 2 left on base; New York 1 - Tampa Bay 1
BOTTOM OF THE 4TH
Tampa Bay Rays batting - Pitching for New York Yankees : RHP Josh Morgan
Batting: RHB Steve Auclair 0-0: Ball
1-0: Swinging Strike
1-1: Swinging Strike
1-2: Ball
2-2: Strikes out swinging
Batting: LHB Ray Behm 0-0: Called Strike
0-1: Foul Ball, location: 2RF
0-2: Foul Ball, location: 2F
0-2: Ball
1-2: Ball
2-2: Fly out, F9 (Flyball, 9S, EV 87.5 MPH)
Batting: RHB Allen Castellanos 0-0: Swinging Strike
0-1: Foul Ball, location: 7LMF
0-2: Ball
1-2: Foul Ball, location: 23F
1-2: Ball
2-2: Foul Ball, location: 2F
2-2: Ball
3-2: Foul Ball, location: 3F
3-2: Foul Ball, location: 2F
3-2: Foul Ball, location: 7LMF
3-2: Fly out, F9 (Flyball, 9D, EV 106.9 MPH)
Bottom of the 4th over - 0 runs, 0 hits, 0 errors, 0 left on base; New York 1 - Tampa Bay 1
TOP OF THE 5TH
New York Yankees batting - Pitching for Tampa Bay Rays : RHP Vinny Gutierrez
Batting: SHB Chris Clark 0-0: SINGLE (Flyball, 6D, EV 90.0 MPH)
Batting: RHB Robby Junker 0-0: Ball
1-0: Fly out, F6 (Popup, 6MS, EV 78.1 MPH)
Batting: LHB John Blair 0-0: Called Strike
0-1: Ball
1-1: Ground out 4-3 (Groundball, 4, EV 104.4 MPH)
Chris Clark to second
Batting: SHB Seth Hardenbrook 0-0: Foul Ball, location: 7LSF
0-1: Foul Ball, location: 9LSF
0-2: Ball
1-2: Strikes out swinging
Top of the 5th over - 0 runs, 1 hit, 0 errors, 1 left on base; New York 1 - Tampa Bay 1
BOTTOM OF THE 5TH
Tampa Bay Rays batting - Pitching for New York Yankees : RHP Josh Morgan
Batting: SHB Ryan Takach 0-0: Called Strike
0-1: Ball
1-1: Ball
2-1: Ground out 4-3 (Groundball, 4M, EV 81.9 MPH)
Batting: SHB Jorge Ramos 0-0: Called Strike
0-1: Swinging Strike
0-2: Ball
1-2: Strikes out looking
Batting: RHB Jamie Huggins 0-0: Called Strike
0-1: Swinging Strike
0-2: Ball
1-2: Strikes out swinging
Bottom of the 5th over - 0 runs, 0 hits, 0 errors, 0 left on base; New York 1 - Tampa Bay 1
TOP OF THE 6TH
New York Yankees batting - Pitching for Tampa Bay Rays : RHP Vinny Gutierrez
Batting: RHB Brandon Thomas 0-0: Called Strike
0-1: Ball
1-1: Called Strike
1-2: Ball
2-2: Foul Ball, location: 2F
2-2: Fly out, F8 (Flyball, 8LD, EV 90.6 MPH)
Batting: LHB Bill Hayden 0-0: Ball
1-0: Called Strike
1-1: Ball
2-1: Foul Ball, location: 2F
2-2: Ball
3-2: Base on Balls
Batting: RHB Zach Sterling 0-0: Ball
1-0: Ball
2-0: Ball
3-0: Called Strike
3-1: DOUBLE (Groundball, 5L, EV 108.8 MPH)
Bill Hayden to third
Runner from 3rd tries for Home, throw by LF and OUT! 7-6-2
Batting: LHB Ryan McCullough 0-0: Ball
1-0: Called Strike
1-1: Foul Ball, location: 7LSF
1-2: Ball
2-2: Ball
3-2: Ground out 4-3 (Groundball, 34, EV 90.0 MPH)
Top of the 6th over - 0 runs, 1 hit, 0 errors, 1 left on base; New York 1 - Tampa Bay 1
BOTTOM OF THE 6TH
Tampa Bay Rays batting - Pitching for New York Yankees : RHP Josh Morgan
Batting: RHB Dave Taylor 0-0: Ball
1-0: Called Strike
1-1: Foul Ball, location: 2F
1-2: Ball
2-2: SINGLE (Line Drive, 7S, EV 86.3 MPH)
Batting: RHB Kevin Schulz 0-0: Ball
1-0: Ball
2-0: Grounds into double play, 5-4-3 (Groundball, 56, EV 87.5 MPH)
Batting: RHB Cesar Escamilla 0-0: Ball
1-0: Ball
2-0: Foul Ball, location: 2F
2-1: Ball
3-1: Foul Ball, location: 9LDF
3-2: Ground out 6-3 (Groundball, 6, EV 98.1 MPH)
Bottom of the 6th over - 0 runs, 1 hit, 0 errors, 0 left on base; New York 1 - Tampa Bay 1
TOP OF THE 7TH
New York Yankees batting - Pitching for Tampa Bay Rays : RHP Vinny Gutierrez
Batting: RHB Aaron Comeaux 0-0: Called Strike
0-1: Ball
1-1: Ball
2-1: Fly out, F8 (Line Drive, 8RM, EV 94.4 MPH)
Pitching: RHP Ron Stein
Batting: SHB Chris Clark 0-0: Ground out 6-3 (Groundball, 6, EV 81.9 MPH)
Batting: RHB Robby Junker 0-0: Called Strike
0-1: Foul Ball, location: 25FF
0-2: Ground out 6-3 (Groundball, 6M, EV 103.1 MPH)
Top of the 7th over - 0 runs, 0 hits, 0 errors, 0 left on base; New York 1 - Tampa Bay 1
BOTTOM OF THE 7TH
Tampa Bay Rays batting - Pitching for New York Yankees : RHP Josh Morgan
Pitching: RHP Bobby Beer
Batting: RHB Steve Auclair 0-0: Ball
1-0: Called Strike
1-1: Foul Ball, location: 5SF
1-2: Strikes out swinging
Batting: LHB Ray Behm 0-0: Swinging Strike
0-1: Called Strike
0-2: Strikes out swinging
Batting: RHB Allen Castellanos 0-0: Foul Ball, location: 2LF
0-1: Ball
1-1: Called Strike
1-2: Ball
2-2: Foul Ball, location: 7LMF
2-2: Strikes out swinging
Bottom of the 7th over - 0 runs, 0 hits, 0 errors, 0 left on base; New York 1 - Tampa Bay 1
TOP OF THE 8TH
New York Yankees batting - Pitching for Tampa Bay Rays : RHP Ron Stein
Batting: LHB John Blair 0-0: Ball
1-0: Ball
2-0: Ball
3-0: Called Strike
3-1: Foul Ball, location: 2F
3-2: Foul Ball, location: 2F
3-2: Foul Ball, location: 7LSF
3-2: Fly out, F9 (Line Drive, 9LM, EV 101.9 MPH)
Batting: SHB Seth Hardenbrook 0-0: Called Strike
0-1: SINGLE (Line Drive, 6MD, EV 96.3 MPH)
Batting: RHB Brandon Thomas 0-0: Ball
1-0: Ball
2-0: Ball
3-0: Called Strike
3-1: Called Strike
3-2: Strikes out swinging
Pitching: LHP Antonio Quevedo
Pinch Hitting: RHB Matt Foulds 0-0: Called Strike
0-1: Swinging Strike
0-2: Strikes out swinging
Top of the 8th over - 0 runs, 1 hit, 0 errors, 1 left on base; New York 1 - Tampa Bay 1
BOTTOM OF THE 8TH
Tampa Bay Rays batting - Pitching for New York Yankees : RHP Bobby Beer
Now in RF: Carlos Jeronimo
Batting: SHB Ryan Takach 0-0: Ball
1-0: Called Strike
1-1: SINGLE (Flyball, 4D, EV 84.4 MPH)
Batting: SHB Jorge Ramos 0-0: Ball
1-0: Swinging Strike
1-1: Foul Ball, location: 2F
1-2: Strikes out looking
Pinch Hitting: RHB Matt Collier 0-0: Called Strike
0-1: Ball
1-1: DOUBLE (Flyball, 78D, EV 108.8 MPH)
Ryan Takach to third
Batting: LHB George Elkins 0-0: Intentional Walk
Pinch Hitting: LHB Robert Florez 0-0: Ball
1-0: Grounds into fielders choice 3-2 (Groundball, 3, EV 89.4 MPH)
Matt Collier to third
George Elkins to second
Batting: RHB Cesar Escamilla 0-0: Called Strike
0-1: Ball
1-1: Swinging Strike
1-2: Ball
2-2: Ground out 4-3 (Groundball, P, EV 92.5 MPH)
Bottom of the 8th over - 0 runs, 2 hits, 0 errors, 3 left on base; New York 1 - Tampa Bay 1
TOP OF THE 9TH
New York Yankees batting - Pitching for Tampa Bay Rays : LHP Antonio Quevedo
Pitching: RHP Todd Curley
Now at 2B: Matt Collier
Now at SS: Ryan Takach
Now in LF: Jose Alcantar
Now in RF: Jorge Ramos
Batting: RHB Zach Sterling 0-0: Called Strike
0-1: Foul Ball, location: 2F
0-2: Strikes out swinging
Batting: LHB Ryan McCullough 0-0: Foul Ball, location: 2F
0-1: Swinging Strike
0-2: Strikes out swinging
Pinch Hitting: SHB Ethan Gavin 0-0: Called Strike
0-1: Ball
1-1: Foul Ball, location: 5SF
1-2: Ball
2-2: Ball
3-2: DOUBLE (Line Drive, 9LM, EV 103.8 MPH)
Batting: SHB Chris Clark 0-0: Intentional Walk
Batting: RHB Robby Junker 0-0: Fly out, F9 (Flyball, 9LS, EV 82.5 MPH)
Top of the 9th over - 0 runs, 1 hit, 0 errors, 2 left on base; New York 1 - Tampa Bay 1
BOTTOM OF THE 9TH
Tampa Bay Rays batting - Pitching for New York Yankees : RHP Bobby Beer
Now at 2B: Ethan Gavin
Now at SS: Chris Clark
Batting: RHB Steve Auclair 0-0: Foul Ball, location: 5F
0-1: Ground out 5-3 (Groundball, 5S, EV 75.6 MPH)
Pitching: LHP Brandon Moore
Batting: LHB Ray Behm 0-0: Ball
1-0: Ball
2-0: Foul Ball, location: 7LDF
2-1: Fly out, F5 (Popup, 5SF, EV 68.8 MPH)
Batting: RHB Allen Castellanos 0-0: Ball
1-0: Ball
2-0: Ball
3-0: Base on Balls
Batting: SHB Ryan Takach 0-0: Called Strike
0-1: Foul Ball, location: 2F
0-2: Strikes out swinging
Bottom of the 9th over - 0 runs, 0 hits, 0 errors, 1 left on base; New York 1 - Tampa Bay 1
TOP OF THE 10TH
New York Yankees batting - Pitching for Tampa Bay Rays : RHP Todd Curley
Batting: LHB John Blair 0-0: Swinging Strike
0-1: Swinging Strike
0-2: Strikes out swinging
Batting: SHB Seth Hardenbrook 0-0: Called Strike
0-1: Foul Ball, location: 3FF
0-2: Foul Ball, location: 23F
0-2: Ball
1-2: Ball
2-2: Ball
3-2: Strikes out swinging
Batting: RHB Brandon Thomas 0-0: Ball
1-0: Called Strike
1-1: SINGLE (Flyball, 78S, EV 96.9 MPH)
Batting: RHB Carlos Jeronimo 0-0: Foul Ball, location: 23F
0-1: Called Strike
0-2: Ball
1-2: Foul Ball, location: 2LF
1-2: Foul Ball, location: 2F
1-2: Ball
2-2: SINGLE (Line Drive, 7LS, EV 102.5 MPH)
Brandon Thomas to second
Runner from 2nd tries for 3rd, SAFE, no throw by LF
Batting: RHB Zach Sterling 0-0: Ball
1-0: Ball
2-0: Fly out, F6 (Popup, 6M, EV 53.1 MPH)
Top of the 10th over - 0 runs, 2 hits, 0 errors, 2 left on base; New York 1 - Tampa Bay 1
BOTTOM OF THE 10TH
Tampa Bay Rays batting - Pitching for New York Yankees : LHP Brandon Moore
Pitching: RHP Jon Barton
Batting: SHB Jorge Ramos 0-0: Foul Ball, location: 9LSF
0-1: Foul Ball, location: 23F
0-2: Strikes out swinging
Batting: RHB Matt Collier 0-0: Called Strike
0-1: Ball
1-1: DOUBLE (Flyball, 78XD, EV 96.9 MPH)
Batting: LHB George Elkins 0-0: Called Strike
0-1: Ball
1-1: SINGLE (Popup, 3D, EV 66.3 MPH)
Matt Collier to third
Batting: LHB Jose Alcantar 0-0: Called Strike
George Elkins steals 2nd base (no throw)
0-1: Ground out 5-3 (Groundball, 56S, EV 80.0 MPH)
Batting: RHB Cesar Escamilla 0-0: Ball
1-0: Called Strike
1-1: Ball
2-1: SINGLE (Flyball, 89S, EV 93.1 MPH)
Matt Collier scores
Bottom of the 10th over - 1 run, 3 hits, 0 errors, 2 left on base; New York 1 - Tampa Bay 2
Wednesday, April 10th , 2024 - OOTP Baseball 24.11 Build 85